 Dungeon Crawl Stone Soup version 0.30.1-3-gfc49f6343a (webtiles) character file.

Game seed: 17302765000375922282

6430 Cheops the Grappler (level 10, -3/99 (100) HPs)
             Began as a Troll Fighter on July 24, 2023.
             Was an Elder of Wu Jian.
             Slain by a killer bee (7 damage)
             ... on level 9 of the Dungeon.
             The game lasted 00:32:45 (8002 turns).

Cheops the Grappler (Troll Fighter)                 Turns: 8002, Time: 00:32:47

HP:   -3/99 (100)   AC:  9    Str: 32    XL:     10   Next: 67%
MP:   0/9           EV:  9    Int:  8    God:    Wu Jian [****..]
Gold: 855           SH: 11    Dex:  9    Spells: 9/9 levels left

rFire   . .          .
                       - Unarmed
rCold   . . .        b - +2 kite shield
rNeg    . . .        u - +0 steam dragon scales
rPois   .            L - +2 hat
rElec   .            (no cloak)
rCorr   .            (gloves unavailable)
SInv    +            (boots unavailable)
Will    .....        s - amulet of guardian spirit
Stlth   +            w - +6 ring of strength
HPRegen 1.16/turn    G - ring of see invisible
MPRegen 0.11/turn

%: guardian spirit
@: lethally poisoned (-3 -> -27), lightly drained
A: large, unfitting armour, claws 3, regeneration 1, shaggy fur 1, tough skin 1
a: Renounce Religion, Wall Jump, Serpent's Lash


You were on level 9 of the Dungeon.
You worshipped Wu Jian.
Wu Jian was greatly pleased with you.
You visited 2 branches of the dungeon, and saw 10 of its levels.
You also visited: Bailey.

You collected 855 gold pieces.

Inventory:

Hand Weapons
 c - a +0 dagger of holy wrath
 d - a +2 short sword of flaming
 e - a +3 whip of venom
 H - a +3 mace of holy wrath
Missiles
 J - 13 boomerangs (quivered)
Armour
 a - a +0 robe
 b - a +2 kite shield (worn)
 u - +0 steam dragon scales (worn)
 L - a +2 hat (worn)
Magical Staves
 I - the staff of cold "Veyboug" {rF+ rC+ Str+2 SInv}
   (You found it in a bailey)

   [staff of cold]

   Base accuracy: +5 Base damage: 5 Base attack delay: 1.2 This weapon's minimum
   attack delay (0.6) is reached at skill level 12.
   Str:       It affects your strength (+2).
   rF:        It protects you from fire.
   rC:        It protects you from cold.
   SInv:      It lets you see invisible.
   It falls into the 'Staves' category.
   It is a one-clawed weapon.
Jewellery
 s - an amulet of guardian spirit (around neck)
 w - a +6 ring of strength (left claw)
 F - a ring of magical power
 G - a ring of see invisible (right claw)
 K - a ring of protection from fire
 M - a ring of protection from cold
Scrolls
 i - 2 scrolls of magic mapping
 j - 3 scrolls of teleportation
 l - 4 scrolls of enchant armour
 m - a scroll of torment
 r - a scroll of brand weapon {unknown}
 t - 2 scrolls of noise {unknown}
 y - 2 scrolls of vulnerability {unknown}
 A - 2 scrolls of fear
 B - a scroll of amnesia
 C - 2 scrolls of enchant weapon
Potions
 f - 2 potions of resistance {unknown}
 g - a potion of curing
 h - a potion of cancellation {unknown}
 k - a potion of haste {unknown}
 n - a potion of mutation {unknown}
 o - a potion of berserk rage {unknown}
 p - 2 potions of degeneration {unknown}
 q - 3 potions of invisibility
 v - 2 potions of heal wounds
 x - 2 potions of brilliance
 z - a potion of lignification
 D - 4 potions of flight
 E - 2 potions of attraction
Miscellaneous
 N - a phial of floods


   Skills:
 + Level 6.5 Fighting
 - Level 2.4 Dodging
 + Level 7.1 Shields
 * Level 12.8 Unarmed Combat


You had 9 spell levels left.
You didn't know any spells.
Your spell library contained the following spells:

 Spells                   Type           Power      Damage    Failure   Level
 Kiss of Death            Conj/Necr      0%         2d5       58%         1
 Magic Dart               Conj           0%         1d3       58%         1
 Slow                     Hex            0%         N/A       58%         1
 Call Imp                 Summ           0%         N/A       73%         2
 Ensorcelled Hibernation  Hex/Ice        0%         N/A       73%         2
 Passwall                 Tmut/Erth      0%         N/A       73%         2
 Confusing Touch          Hex            0%         N/A       91%         3
 Mephitic Cloud           Conj/Pois/Air  0%         N/A       91%         3
 Summon Guardian Golem    Hex/Summ       0%         N/A       91%         3
 Swiftness                Air            0%         N/A       91%         3
 Vampiric Draining        Necr           0%         2d6       91%         3
 Dispel Undead            Necr           0%         3d6       100%        4
 Olgreb's Toxic Radiance  Pois           0%         N/A       100%        4
 Orb of Destruction       Conj           0%         9d5       100%        7
 Spellforged Servitor     Conj/Summ      0%         N/A       100%        7
 Discord                  Hex            0%         N/A       100%        8
 Ignition                 Fire           0%         3d3       100%        8


Dungeon Overview and Level Annotations

Branches:
Dungeon (9/15)             Temple (1/1) D:4          Bailey (visited)
   Lair: D:8-11         Orc: D:9-12

Altars:
Ashenzari
Cheibriados
Dithmenos
Elyvilon
Fedhas
Gozag
Hepliaklqana
Makhleb
Nemelex Xobeh
Okawaru
Ru
Trog
Uskayaw
Vehumet
Wu Jian
Xom
Yredelemnul
Zin
The Shining One

Shops:
D:4 :

Annotations:
D:7 1 exclusion


Innate Abilities, Weirdness & Mutations

You are too large for most types of armour.
You have claws for hands.
Your natural rate of healing is unusually fast.
You are covered in fur. (AC +1)
You have tough skin. (AC +1)


Message History

The killer bee stings you but does no damage.
The killer bee stings you.
* * * LOW HITPOINT WARNING * * *
The killer bee closely misses you. The killer bee stings you.
* * * LOW HITPOINT WARNING * * *
The killer bee stings you.
* * * LOW HITPOINT WARNING * * *
You closely miss the killer bee.
You feel very sick.
The killer bee stings you but does no damage.
The killer bee stings you.
* * * LOW HITPOINT WARNING * * *
You are more poisoned.
The killer bee poisons you! You block the killer bee's attack.
The killer bee stings you but does no damage.
The killer bee barely misses you.
You closely miss the killer bee.
You feel very sick. The killer bee stings you!
* * * LOW HITPOINT WARNING * * *
The killer bee stings you.
* * * LOW HITPOINT WARNING * * *
You are lethally poisoned!
The killer bee poisons you! You block the killer bee's attack.
The killer bee closely misses you. You block the killer bee's attack.
The killer bee stings you.
* * * LOW HITPOINT WARNING * * *
The killer bee stings you but does no damage. x3
You block the killer bee's attack.
You miss the killer bee.
* * * LOW HITPOINT WARNING * * *
You feel extremely sick. You block the killer bee's attack.
The killer bee stings you.
* * * LOW HITPOINT WARNING * * *
The killer bee barely misses you. The killer bee stings you.
* * * LOW HITPOINT WARNING * * *
You are more poisoned.
The killer bee poisons you! You block the killer bee's attack.
The killer bee stings you!
You die...

#.... ... +####
#..#.. #....#
#### #....+
≈≈≈≈S#....# .
####..#.# ..
.....$#.##
#.yy..>.#
#.@y....#
#y#y..#.#
#.#.....#
#######.#...#...
#......(#.### #.
######..#.#
#.....#
#<..#.....
#.....####


You could see 5 killer bees and an electric eel.

Vanquished Creatures
  A tengu warrior (D:8)
  A manticore (D:7)
  Joseph (D:7)
  2 trolls
  A basilisk (D:8)
  A vampire mosquito (D:8)
  2 steam dragons (D:8)
  2 water moccasins (D:5)
  8 orc warriors (Bailey)
  A black bear (D:5)
  5 ice beasts
  2 sky beasts
  2 ogres (D:4)
  5 centaurs
  2 kobold brigands
  5 bullfrogs
  2 scorpions
  6 wights
  4 electric eels (D:6)
  A howler monkey (D:5)
  2 hounds (D:5)
  2 jellies
  4 orc priests
  5 orc wizards
  2 sleepcaps (D:6)
  2 iguanas
  15 gnolls
  5 adders
  A shadow imp (D:6)
  4 white imps
  2 ufetubi
  A worm (D:2)
  2 dart slugs
  24 orcs
  9 ball pythons
  5 bats
  3 endoplasms
  A giant cockroach (D:3)
  33 goblins
  31 hobgoblins
  3 quokkas
  5 frilled lizards
  23 kobolds
  4 rats
242 creatures vanquished.

Vanquished Creatures (collateral kills)
  A black bear (D:4)
1 creature vanquished.

Grand Total: 243 creatures vanquished

Notes
Turn   | Place    | Note
-------+----------+-------------------------------------------
     0 | D:1      | Cheops the Troll Fighter began the quest for the Orb.
     0 | D:1      | Reached XP level 1. HP: 22/22 MP: 0/0
    68 | D:1      | Reached XP level 2. HP: 29/29 MP: 1/1
   123 | D:1      | Reached skill level 3 in Unarmed Combat
   472 | D:2      | Reached XP level 3. HP: 31/36 MP: 2/2
   812 | D:2      | Reached skill level 4 in Unarmed Combat
  1372 | D:3      | Reached XP level 4. HP: 39/44 MP: 3/3
  1482 | D:3      | Reached skill level 5 in Unarmed Combat
  1633 | D:3      | Found a sparkling altar of Nemelex Xobeh.
  1634 | D:3      | Found a glowing silver altar of Zin.
  1635 | D:3      | Found a basalt altar of Yredelemnul.
  1640 | D:3      | Reached XP level 5. HP: 50/50 MP: 4/4
  1779 | D:3      | Found a faded altar of an unknown god.
  2149 | D:4      | Reached skill level 6 in Unarmed Combat
  2176 | D:4      | Noticed a centaur
  2184 | D:4      | Found a shadowy altar of Dithmenos.
  2194 | D:4      | Killed a centaur
  2195 | D:4      | Reached XP level 6. HP: 32/59 MP: 1/5
  2354 | D:4      | Reached skill level 7 in Unarmed Combat
  2388 | D:4      | Found a staircase to the Ecumenical Temple.
  2619 | D:4      | Found Jizam's Book Shop.
  2656 | Temple   | Entered the Ecumenical Temple
  2656 | Temple   | Found a transporter.
  2656 | Temple   | Found a transporter.
  2658 | Temple   | Found a transporter.
  2658 | Temple   | Found a transporter.
  2691 | Temple   | Became a worshipper of the Wu Jian Council
  2783 | D:5      | Entered Level 5 of the Dungeon
  2783 | D:5      | Noticed an ice beast
  2840 | D:4      | Reached XP level 7. HP: 57/66 MP: 4/6
  2871 | D:4      | Reached skill level 8 in Unarmed Combat
  3061 | D:5      | Reached XP level 8. HP: 30/75 MP: 4/7
  3150 | D:5      | Reached skill level 9 in Unarmed Combat
  3195 | D:5      | Found a bloodstained altar of Trog.
  3596 | D:5      | Found a blossoming altar of Fedhas.
  4119 | D:6      | Reached * piety under Wu Jian
  4331 | D:6      | Reached skill level 10 in Unarmed Combat
  4584 | D:6      | Reached XP level 9. HP: 85/85 MP: 8/8
  4853 | D:6      | Identified the +5 falchion of the Walnut {elec, rN+ Str+2}
  4946 | D:6      | Reached ** piety under Wu Jian
  5172 | D:7      | Reached skill level 5 in Shields
  5233 | D:7      | Found a flagged portal.
  5272 | Bailey   | Entered a bailey
  5292 | Bailey   | Identified the +4 quarterstaff of Untruth {freeze, Str+4}
  5299 | Bailey   | Reached *** piety under Wu Jian
  5456 | Bailey   | Reached skill level 5 in Fighting
  5461 | Bailey   | Reached skill level 11 in Unarmed Combat
  5571 | Bailey   | Identified the staff of cold "Veyboug" {rF+ rC+ Str+2 SInv}
  6017 | D:7      | Noticed a manticore
  6030 | D:7      | Killed a manticore
  6235 | D:7      | Noticed a troll
  6242 | D:7      | Killed a troll
  6243 | D:7      | Reached XP level 10. HP: 60/97 MP: 5/9
  6349 | D:7      | Noticed Joseph
  6363 | D:7      | Killed Joseph
  6767 | D:7      | Reached skill level 12 in Unarmed Combat
  7285 | D:8      | Noticed a tengu warrior
  7294 | D:8      | Killed a tengu warrior
  7877 | D:9      | Reached **** piety under Wu Jian
  8002 | D:9      | HP: 4/99 [killer bee (2)]
  8002 | D:9      | Slain by a killer bee

Illustrated notes

Levels and vault maps discovered:
D:1:      beargit_arrival_greenhouse, layout_rooms
D:2:      layout_basic, serial_forest, infiniplex_forest_zigzag_1,
          infiniplex_forest_lined_corner, infiniplex_forest_lined_room_3,
          infiniplex_forest_end_3, infiniplex_forest_zigzag_1,
          infiniplex_forest_clump_C, infiniplex_forest_clump_small,
          infiniplex_forest_lined_2, infiniplex_forest_3_way
D:3:      layout_rooms, chequers_temple_overflow_statue_of_worship,
          dreamdust_ecumenical_altar_angels_and_demons,
          chequers_serial_rivers_micro_e, grunt_ministairs_11
D:4:      layout_rooms, nicolae_dithmenos_shadow_blocks, temple_doors_e,
          serial_shops, shop
D:5:      layout_loops_ring, fedhas_altar_4, trog_book, minivault_4,
          chequers_avenue
D:6:      minmay_goblin_kobold_castle, layout_loops_cross
D:7:      layout_gridville, enter_bailey_3, corner_web_ring,
          hangedman_abyss_or_decor_passed, uniq_joseph
D:8:      layout_basic, minmay_misc_feat_enclosed, minmay_diamond_spiral
D:9:      minmay_diamond_stairs, layout_basic, grunt_qazlal_sundering,
          mainiacjoe_overflow_big_doors, erik_lair_orcish_takeover,
          serial_aquarium, aquarium_bridge_straight [aquarium_subvault_bridge,
          aquarium_subvault_window, aquarium_subvault_bridge,
          aquarium_subvault_wall], aquarium_bridge_straight
          [aquarium_subvault_bridge, aquarium_subvault_wall,
          aquarium_subvault_bridge, aquarium_subvault_window],
          aquarium_window_fake, aquarium_window_2, aquarium_view_2f,
          aquarium_balcony_3a
Temple:   hellmonk_temple_divided_pantheon

Skill      XL: |  1  2  3  4  5  6  7  8  9 10 |
---------------+-------------------------------+-----
Unarmed Combat | 3 4 5 6 7 8 10 11 12 | 12.8
Shields        | 3 4 6 7 |  7.1
Fighting       | 3 4 5 6 |  6.5
Dodging        | |  2.4

Action                     |  1- 3 |  4- 6 |  7- 9 | 10-12 || total
---------------------------+-------+-------+-------+-------++-------
  Melee: Unarmed           |   107 |   127 |   335 |   142 ||   711
  Throw: Boomerang         |       |       |     8 |       ||     8
Ability: Lunge             |       |       |    25 |     8 ||    33
         Whirlwind         |       |       |     6 |     4 ||    10
    Use: Scroll            |       |       |    13 |     2 ||    15
         Potion            |       |       |       |     1 ||     1
   Stab: Sleeping          |     2 |     1 |       |       ||     3
 Armour: Robe              |    27 |    27 |    49 |    22 ||   125
         Steam dragon scal |       |       |       |    20 ||    20
  Dodge: Dodged            |    33 |    57 |    93 |    41 ||   224
  Block: Kite shield       |    41 |    46 |   140 |    98 ||   325
